EVO
OHIO STATE UNIVERSITY BUCKEYES @ WICHITA STATE UNIVERSITY SHOCKERS
07/09/2049
 
TOP OF THE 1ST
Ohio State University Buckeyes batting - Pitching for Wichita State University Shockers : RHP John Fitzpatrick
Pitching: RHP John Fitzpatrick
Batting: LHB Anthony Ross 0-0: Ball
1-0: Called Strike
1-1: Ball
2-1: SINGLE (Groundball, 3D, EV 95.6 MPH)
Batting: RHB Jacob Carrano 0-0: Ball
1-0: Grounds into double play, 6-4-3 (Groundball, 6, EV 87.5 MPH)
Batting: LHB Tony Abascal 0-0: Ground out 6-3 (Groundball, 6, EV 76.2 MPH)
Top of the 1st over - 0 runs, 1 hit, 0 errors, 0 left on base; Ohio State University 0 - Wichita State University 0
BOTTOM OF THE 1ST
Wichita State University Shockers batting - Pitching for Ohio State University Buckeyes : RHP Dan Herwig
Pitching: RHP Dan Herwig
Batting: RHB Byron Whitehead 0-0: Swinging Strike
0-1: Called Strike
0-2: Ball
1-2: Ball
2-2: Strikes out swinging
Batting: RHB Lucio Baratta 0-0: Ball
1-0: Ball
2-0: Called Strike
2-1: Foul Ball, location: 2F
2-2: Ball
3-2: Strikes out swinging
Batting: LHB Carlos Flores 0-0: Ball
1-0: Ground out 5-3 (Groundball, 56S, EV 85.6 MPH)
Bottom of the 1st over - 0 runs, 0 hits, 0 errors, 0 left on base; Ohio State University 0 - Wichita State University 0
TOP OF THE 2ND
Ohio State University Buckeyes batting - Pitching for Wichita State University Shockers : RHP John Fitzpatrick
Batting: RHB Tristan Gimple 0-0: Ball
1-0: Called Strike
1-1: Ball
2-1: Swinging Strike
2-2: Foul Ball, location: 2F
2-2: Strikes out swinging, 2-3 out at first.
Batting: RHB Bo Wu 0-0: Ball
1-0: Ball
2-0: Fly out, F9 (Line Drive, 9S, EV 85.6 MPH)
Batting: RHB Masatoshi Mori 0-0: Swinging Strike
0-1: Foul Ball, location: 2F
0-2: Foul Ball, location: 2F
0-2: Strikes out swinging
Top of the 2nd over - 0 runs, 0 hits, 0 errors, 0 left on base; Ohio State University 0 - Wichita State University 0
BOTTOM OF THE 2ND
Wichita State University Shockers batting - Pitching for Ohio State University Buckeyes : RHP Dan Herwig
Batting: LHB Troy Davies 0-0: Swinging Strike
0-1: Ball
1-1: Foul Ball, location: 2F
1-2: Fly out, F9 (Flyball, 9S, EV 82.5 MPH)
Batting: LHB Kyle Lee 0-0: Called Strike
0-1: Ball
1-1: Called Strike
1-2: Ball
2-2: Ball
3-2: Strikes out swinging
Batting: RHB Kyle Gill 0-0: Fly out, F9 (Flyball, 89M, EV 81.2 MPH)
Bottom of the 2nd over - 0 runs, 0 hits, 0 errors, 0 left on base; Ohio State University 0 - Wichita State University 0
TOP OF THE 3RD
Ohio State University Buckeyes batting - Pitching for Wichita State University Shockers : RHP John Fitzpatrick
Batting: RHB Josh Dinsmore 0-0: Ball
1-0: Foul Ball, location: 2F
1-1: Ball
2-1: Foul Ball, location: 2F
2-2: Ground out 4-3 (Groundball, 34, EV 99.4 MPH)
Batting: RHB Joe Costner 0-0: Called Strike
0-1: Ball
1-1: Foul Ball, location: 2F
1-2: Fly out, F7 (Line Drive, 7S, EV 92.5 MPH)
Batting: RHB Alvaro Millan 0-0: Ball
1-0: Swinging Strike
1-1: Ball
2-1: SINGLE (Groundball, 56D, EV 100.6 MPH)
Batting: LHB Anthony Ross 0-0: Ball
1-0: SINGLE (Line Drive, 8RS, EV 96.9 MPH)
Alvaro Millan to second
Batting: RHB Jacob Carrano 0-0: Called Strike
0-1: Ball
1-1: Ball
2-1: Called Strike
2-2: Fly out, F7 (Flyball, 78M, EV 80.6 MPH)
Top of the 3rd over - 0 runs, 2 hits, 0 errors, 2 left on base; Ohio State University 0 - Wichita State University 0
BOTTOM OF THE 3RD
Wichita State University Shockers batting - Pitching for Ohio State University Buckeyes : RHP Dan Herwig
Batting: SHB Mike Chafe 0-0: Called Strike
0-1: Ball
1-1: Ground out U3 (Groundball, 3, EV 86.9 MPH)
Batting: RHB Rick McGrath 0-0: Ball
1-0: Ball
2-0: Foul Ball, location: 2F
2-1: Swinging Strike
2-2: Ball
3-2: Base on Balls
Pitching: LHP Alejandro Miranda
Batting: RHB Tony Ortiz 0-0: Called Strike
0-1: Grounds into double play, 6-4-3 (Groundball, 6S, EV 90.0 MPH)
Bottom of the 3rd over - 0 runs, 0 hits, 0 errors, 0 left on base; Ohio State University 0 - Wichita State University 0
TOP OF THE 4TH
Ohio State University Buckeyes batting - Pitching for Wichita State University Shockers : RHP John Fitzpatrick
Batting: LHB Tony Abascal 0-0: Ball
1-0: Called Strike
1-1: Ball
2-1: Ball
3-1: Called Strike
3-2: Foul Ball, location: 2F
3-2: Foul Ball, location: 2F
3-2: Foul Ball, location: 2F
3-2: SINGLE (Groundball, 3D, EV 108.8 MPH)
Batting: RHB Tristan Gimple 0-0: Fielders Choice at 2nd, 5-4 (Groundball, 56, EV 85.0 MPH)
Batting: RHB Bo Wu 0-0: Fly out, F7 (Flyball, 78M, EV 90.6 MPH)
Batting: RHB Masatoshi Mori 0-0: Ball
1-0: SINGLE (Flyball, 8LS, EV 88.8 MPH)
Tristan Gimple to second
Batting: RHB Josh Dinsmore 0-0: Ball
1-0: Called Strike
1-1: Fly out, F7 (Flyball, 7, EV 76.2 MPH)
Top of the 4th over - 0 runs, 2 hits, 0 errors, 2 left on base; Ohio State University 0 - Wichita State University 0
BOTTOM OF THE 4TH
Wichita State University Shockers batting - Pitching for Ohio State University Buckeyes : LHP Alejandro Miranda
Batting: RHB Byron Whitehead 0-0: Ball
1-0: Foul Ball, location: 2F
1-1: Ball
2-1: Called Strike
2-2: Foul Ball, location: 2F
2-2: Ball
3-2: Foul Ball, location: 2F
3-2: Fly out, F4 (Popup, 4D, EV 50.0 MPH)
Batting: RHB Lucio Baratta 0-0: Ball
1-0: Called Strike
1-1: Ball
2-1: Foul Ball, location: 2F
2-2: Ground out 5-3 (Groundball, 56S, EV 90.0 MPH)
Batting: LHB Carlos Flores 0-0: Fly out, F8 (Line Drive, 8RS, EV 93.1 MPH)
Bottom of the 4th over - 0 runs, 0 hits, 0 errors, 0 left on base; Ohio State University 0 - Wichita State University 0
TOP OF THE 5TH
Ohio State University Buckeyes batting - Pitching for Wichita State University Shockers : RHP John Fitzpatrick
Now in RF: Chad Bosarge
Batting: RHB Joe Costner 0-0: Ball
1-0: Swinging Strike
1-1: Foul Ball, location: 2F
1-2: SINGLE (Groundball, 6MS, EV 67.5 MPH) (infield hit)
Batting: RHB Alvaro Millan 0-0: Ball
Joe Costner steals 2nd base
1-0: Ball
2-0: Foul Ball, location: 2F
2-1: Called Strike
2-2: Fly out, F7 (Flyball, 7S, EV 87.5 MPH)
Batting: LHB Anthony Ross 0-0: Foul Ball, location: 2F
0-1: Called Strike
0-2: Ball
1-2: DOUBLE (Groundball, 5L, EV 96.9 MPH)
Joe Costner scores
Batting: RHB Jacob Carrano 0-0: Ground out 6-3 (Groundball, 6S, EV 84.4 MPH)
Anthony Ross to third
Batting: LHB Tony Abascal 0-0: Ball
1-0: Called Strike
1-1: Ball
2-1: Ground out 6-3 (Groundball, 6M, EV 82.5 MPH)
Top of the 5th over - 1 run, 2 hits, 0 errors, 1 left on base; Ohio State University 1 - Wichita State University 0
BOTTOM OF THE 5TH
Wichita State University Shockers batting - Pitching for Ohio State University Buckeyes : LHP Alejandro Miranda
Now at C: Ben Callaway
Now at 1B: Marcelo Bardelli
Now at 2B: Mike Tarantino
Now at 3B: Mike Goodrich
Now at SS: Alvaro Millan
Batting: LHB Troy Davies 0-0: Ball
1-0: Foul Ball, location: 2F
1-1: Foul Ball, location: 2F
1-2: Ground out 4-3 (Groundball, 4, EV 90.6 MPH)
Batting: LHB Kyle Lee 0-0: Ball
1-0: Called Strike
1-1: Swinging Strike
1-2: Foul Ball, location: 2F
1-2: Ball
2-2: Ball
3-2: Ground out 5-3 (Groundball, 56, EV 108.8 MPH)
Batting: RHB Kyle Gill 0-0: Fly out, F7 (Flyball, 78S, EV 84.4 MPH)
Bottom of the 5th over - 0 runs, 0 hits, 0 errors, 0 left on base; Ohio State University 1 - Wichita State University 0
TOP OF THE 6TH
Ohio State University Buckeyes batting - Pitching for Wichita State University Shockers : RHP John Fitzpatrick
Pitching: RHP Jose del Castillo
Now at 2B: Fletcher Lawton
Now at 3B: Jeff Grant
Batting: RHB Mike Tarantino 0-0: Ball
1-0: Called Strike
1-1: Ball
2-1: Fly out, F8 (Flyball, 78M, EV 88.1 MPH)
Pinch Hitting: LHB Zach Brandt 0-0: Ball
1-0: Swinging Strike
1-1: Swinging Strike
1-2: Ball
2-2: Foul Ball, location: 2F
2-2: Foul Ball, location: 2F
2-2: Reached on error, E1 (Groundball, 25, EV 72.5 MPH)
Batting: LHB Adam Simpson 0-0: Called Strike
0-1: Ball
1-1: Called Strike
1-2: Strikes out swinging
Batting: RHB Marcelo Bardelli 0-0: Fly out, F8 (Flyball, 8RD, EV 91.9 MPH)
Top of the 6th over - 0 runs, 0 hits, 1 error, 1 left on base; Ohio State University 1 - Wichita State University 0
BOTTOM OF THE 6TH
Wichita State University Shockers batting - Pitching for Ohio State University Buckeyes : LHP Alejandro Miranda
Pitching: RHP Javier Puente
Now in LF: John King
Now in RF: Dan Hummel
Batting: SHB Mike Chafe 0-0: Ball
1-0: Swinging Strike
1-1: Ball
2-1: Foul Ball, location: 2F
2-2: Ball
3-2: SOLO HOME RUN (Flyball, 9D, EV 96.9 MPH), Distance : 375 ft
Batting: RHB Rick McGrath 0-0: Swinging Strike
0-1: Ball
1-1: Swinging Strike
1-2: Strikes out looking
Batting: RHB Tony Ortiz 0-0: Called Strike
0-1: SINGLE (Line Drive, 3D, EV 105.0 MPH)
Batting: RHB Jeff Grant 0-0: Called Strike
0-1: Ball
1-1: Ball
2-1: Called Strike
2-2: Foul Ball, location: 2F
2-2: Ball
3-2: 2-RUN HOME RUN (Flyball, 7D, EV 108.1 MPH), Distance : 417 ft
Pitching: RHP Ben Fekete
Batting: RHB Jordan Carr 0-0: Ball
1-0: Ball
2-0: Fly out, F9 (Flyball, 9S, EV 91.2 MPH)
Batting: LHB Chad Bosarge 0-0: Ball
1-0: Fly out, F9 (Flyball, 9S, EV 88.1 MPH)
Bottom of the 6th over - 3 runs, 3 hits, 0 errors, 0 left on base; Ohio State University 1 - Wichita State University 3
TOP OF THE 7TH
Ohio State University Buckeyes batting - Pitching for Wichita State University Shockers : RHP Jose del Castillo
Pitching: LHP John Schroeder
Now at C: Larry Hogue
Batting: RHB Joe Costner 0-0: Foul Ball, location: 2F
0-1: Swinging Strike
0-2: Ball
1-2: Strikes out swinging
Pinch Hitting: RHB David Guillen 0-0: Called Strike
0-1: Ball
1-1: Called Strike
1-2: Ball
2-2: Ball
3-2: Base on Balls
Batting: LHB Ben Callaway 0-0: Ball
1-0: Ball
2-0: Ball
3-0: Called Strike
3-1: Base on Balls
David Guillen to second
Batting: RHB Mike Goodrich 0-0: Called Strike
0-1: Ground out 5-3 (Groundball, 56S, EV 65.0 MPH)
David Guillen to third
Ben Callaway to second
Pinch Hitting: RHB Rodolfo Lrio 0-0: Called Strike
0-1: Ball
1-1: Ball
2-1: Swinging Strike
2-2: Fly out, F7 (Flyball, 78M, EV 81.9 MPH)
Top of the 7th over - 0 runs, 0 hits, 0 errors, 2 left on base; Ohio State University 1 - Wichita State University 3
BOTTOM OF THE 7TH
Wichita State University Shockers batting - Pitching for Ohio State University Buckeyes : RHP Ben Fekete
Pitching: RHP Eric Long
Now at 2B: David Guillen
Now at SS: Mike Tarantino
Now in RF: Harry Jerome
Batting: LHB Fletcher Lawton 0-0: Ball
1-0: Swinging Strike
1-1: Fly out, F8 (Flyball, 8RS, EV 86.2 MPH)
Pinch Hitting: SHB Peter Faggard 0-0: Called Strike
0-1: Foul Ball, location: 2F
0-2: Ball
1-2: Ball
2-2: SINGLE (Line Drive, 89S, EV 105.0 MPH)
Pinch Hitting: RHB Joe Succo 0-0: Ball
1-0: Ball
2-0: Called Strike
2-1: Fly out, F8 (Flyball, 8LS, EV 86.9 MPH)
Pinch Hitting: RHB Marvin Coffey 0-0: Called Strike
0-1: Foul Ball, location: 2F
0-2: Ground out 5-3 (Groundball, 5S, EV 78.8 MPH)
Bottom of the 7th over - 0 runs, 1 hit, 0 errors, 1 left on base; Ohio State University 1 - Wichita State University 3
TOP OF THE 8TH
Ohio State University Buckeyes batting - Pitching for Wichita State University Shockers : LHP John Schroeder
Pitching: RHP Ryan Chase
Now at 1B: Dane Kelly
Now at SS: Peter Faggard
Now in CF: Jason Adelstein
Batting: RHB Mike Tarantino 0-0: Foul Ball, location: 2F
0-1: Single, Error in OF, E9, batter to second base (Line Drive, 9LS, EV 93.1 MPH)
Batting: LHB John King 0-0: Ball
1-0: Called Strike
1-1: Fly out, F8 (Flyball, 8LM, EV 80.0 MPH)
Batting: LHB Adam Simpson 0-0: Ball
1-0: Ball
2-0: Foul Ball, location: 2F
2-1: Ball
3-1: Base on Balls
Batting: RHB Marcelo Bardelli 0-0: Called Strike
0-1: Swinging Strike
0-2: Foul Ball, location: 2F
0-2: Ball
1-2: Strikes out swinging
Batting: RHB Joe Costner 0-0: Ball
1-0: Swinging Strike
1-1: Swinging Strike
1-2: Ball
Wild Pitch!
Mike Tarantino to third
Adam Simpson to second
2-2: Foul Ball, location: 2F
2-2: Foul Ball, location: 2F
2-2: Foul Ball, location: 2F
2-2: Ball
3-2: Base on Balls
Pitching: LHP Blake Gans
Batting: RHB David Guillen 0-0: Ball
1-0: Ball
2-0: Called Strike
2-1: Called Strike
2-2: Fielders Choice at 2nd, U4 (Groundball, 4M, EV 101.2 MPH)
Top of the 8th over - 0 runs, 1 hit, 1 error, 3 left on base; Ohio State University 1 - Wichita State University 3
BOTTOM OF THE 8TH
Wichita State University Shockers batting - Pitching for Ohio State University Buckeyes : RHP Eric Long
Pitching: RHP Alan Wingate
Pinch Hitting: LHB Greg Burton 0-0: Called Strike
0-1: Ball
1-1: Called Strike
1-2: Ball
2-2: Strikes out swinging
Batting: RHB Larry Hogue 0-0: Swinging Strike
0-1: Ball
1-1: Called Strike
1-2: Fly out, F4 (Popup, 4, EV 70.0 MPH)
Batting: RHB Jeff Grant 0-0: SINGLE (Groundball, 56D, EV 111.9 MPH)
Batting: RHB Jordan Carr 0-0: Ball
1-0: SINGLE (Groundball, 56D, EV 110.0 MPH)
Jeff Grant to second
Batting: LHB Chad Bosarge 0-0: Foul Ball, location: 2F
0-1: Fly out, F8 (Flyball, 78M, EV 96.2 MPH)
Bottom of the 8th over - 0 runs, 2 hits, 0 errors, 2 left on base; Ohio State University 1 - Wichita State University 3
TOP OF THE 9TH
Ohio State University Buckeyes batting - Pitching for Wichita State University Shockers : LHP Blake Gans
Pitching: RHP Steve Mattes
Now in LF: Greg Burton
Batting: LHB Ben Callaway 0-0: Called Strike
0-1: Ball
1-1: Ground out 1-3 (Groundball, 13, EV 72.5 MPH)
Pinch Hitting: RHB Roberto Morado 0-0: Called Strike
0-1: Foul Ball, location: 2F
0-2: Ball
1-2: Foul Ball, location: 2F
1-2: Foul Ball, location: 2F
1-2: Strikes out swinging
Batting: RHB Harry Jerome 0-0: Called Strike
0-1: Ball
1-1: Ball
2-1: Foul Ball, location: 2F
2-2: Foul Ball, location: 2F
2-2: Ball
3-2: Ground out 5-3 (Groundball, 5, EV 83.1 MPH)
Top of the 9th over - 0 runs, 0 hits, 0 errors, 0 left on base; Ohio State University 1 - Wichita State University 3
Sunday, July 16th , 2023 - OOTP Baseball 24.6 Build 69